 Dungeon Crawl Stone Soup version 0.27.0-1-g7a089689b8 (webtiles) character file.

Game seed: 4854983163002037694

31 MajorAdolf the Sneak (level 3, 0/34 HPs)
             Began as a Naga Wanderer on Aug 4, 2021.
             Slain by an adder (4 damage)
             ... on level 2 of the Dungeon.
             The game lasted 00:01:18 (1226 turns).

MajorAdolf the Sneak (Naga Wanderer)                Turns: 1226, Time: 00:01:18

Health: 0/34       AC:  1    Str: 16    XL:     3   Next: 22%
Magic:  3/3        EV:  9    Int: 12    God:
Gold:   19         SH:  0    Dex:  9    Spells: 2/2 levels left

rFire    + . .     SeeInvis +   a - +2 hand axe
rCold    . . .     Faith    .   (no shield)
rNeg     . . .     Spirit   .   (no armour)
rPois    +         Reflect  .   (no helmet)
rElec    .         Harm     .   (no cloak)
rCorr    .         Rampage  .   (no gloves)
Will     .....                  (no barding)
Stlth    ++........             (no amulet)
HPRegen  0.11/turn              d - ring of protection from fire
MPRegen  0.08/turn              (no ring)

@: lethally poisoned (0 -> -3), short of breath, very slow
A: AC +1, large, see invisible, deformed body, poison resistance, slowness 2,
spit poison 1, naga tail 1
a: Spit Poison


You were on level 2 of the Dungeon.
You visited 1 branch of the dungeon, and saw 2 of its levels.

You collected 19 gold pieces.

Inventory:

Hand Weapons
 a - a +2 hand axe (weapon)
Jewellery
 d - a ring of protection from fire (left hand)
Scrolls
 e - a scroll of teleportation {unknown}
Potions
 b - a potion of might {unknown}
 c - a potion of curing


   Skills:
 - Level 3.0 Fighting
 + Level 2.3 Axes
 - Level 3.2 Armour
 + Level 4.4 Stealth


You had 2 spell levels left.
You didn't know any spells.
Your spell library was empty.

Dungeon Overview and Level Annotations

Branches:
Dungeon (2/15)

Altars:
Fedhas


Innate Abilities, Weirdness & Mutations

Your serpentine skin is tough. (AC +1)
You have supernaturally acute eyesight. (SInv)
Armour fits poorly on your strangely shaped body.
Your system is resistant to poisons. (rPois)
You cover ground very slowly.
You can spit poison.
You have a snake-like lower body.


Message History

You barely miss the adder.
The adder is moderately wounded.
The adder bites you. The adder completely misses you.
You closely miss the adder.
The adder is moderately wounded.
You have got your breath back.
The adder looks more healthy.
The adder bites you.
The splash of poison misses the adder.
The adder completely misses you. The adder closely misses you.
You closely miss the adder.
The adder is heavily wounded.
The adder bites you.
You barely miss the adder.
The adder is heavily wounded.
The adder bites you. The adder closely misses you.
You hit the adder.
The adder is severely wounded.
The adder bites you.
You miss the adder.
The adder is severely wounded.
You have got your breath back.
The adder bites you.
You are poisoned.
The adder poisons you! The adder bites you.
You are too injured to fight recklessly!
Press: ? - help, Shift-Dir - straight line, f/p - adder
Aim: an adder (severely wounded)
You fail to use your ability.
You feel sick. The adder bites you.
* * * LOW HITPOINT WARNING * * *
Abil: Spit Poison
Press: ? - help, Q - select action Shift-Dir - straight line, f/p - adder
Aim: an adder (severely wounded)
The splash of poison misses the adder.
You feel sick. The adder bites you.
* * * LOW HITPOINT WARNING * * *
You barely miss the adder.
The adder is severely wounded.
* * * LOW HITPOINT WARNING * * *
You feel sick. The adder bites you.
You die...

##.### .# ..... ####.. #
#.... .# ....... ..#....
.# ............... .#
#.............. #.#
.##........)...##..#####
.#.#..........#S#.......
..#.##......##.#@.......
...# #....#.##.........
†..#.#.#..#.#.#.........
....#.##..##.#..........
.....##....##...........
..†.....................
...................#####
.....##....##......#
....#.##..##.#.....#


You could see an adder.

Vanquished Creatures
  A dart slug (D:1)
  8 ball pythons
  A bat (D:2)
  2 endoplasms (D:1)
  A giant cockroach (D:2)
  A goblin (D:1)
  3 hobgoblins
  A kobold (D:1)
  A quokka (D:2)
  2 frilled lizards (D:1)
  6 rats (D:1)
27 creatures vanquished.

Notes
Turn   | Place    | Note
-------+----------+-------------------------------------------
     0 | D:1      | MajorAdolf the Naga Wanderer began the quest for the Orb.
     0 | D:1      | MajorAdolf set off with the following items: a +2 hand axe,
                  | a +0 ring mail, a potion of curing, a +0 dagger
     0 | D:1      | Reached XP level 1. HP: 21/21 MP: 1/1
   122 | D:1      | Found Nuoh's General Store.
   185 | D:1      | Reached XP level 2. HP: 21/28 MP: 2/2
   615 | D:1      | Reached skill level 4 in Stealth
   947 | D:1      | Reached XP level 3. HP: 29/34 MP: 3/3
  1128 | D:2      | Found a faded altar of an unknown god.
  1148 | D:2      | Found a blossoming altar of Fedhas.
  1226 | D:2      | Slain by an adder

Illustrated notes

Levels and vault maps discovered:
D:1:      onia_arrival_handbag, layout_loops_ring, serial_shops,
          nicolae_shop_crystal
D:2:      layout_basic, basic_altar, ebering_ecumenical_altar_rust,
          minivault_25, minmay_misc_feat_secret_circle

Skill      XL: |  1  2 |
---------------+-------+-----
Axes           | 2 |  2.3
Stealth        | 4 |  4.4
Fighting       | |  3.0
Armour         | |  3.2

Action                   || total
-------------------------++-------
Melee: Hand axe          ||    45
 Abil: Spit Poison       ||     8
 Stab: Sleeping          ||     5
Armor: Skin              ||     4
Dodge: Dodged            ||    27
